 Dungeon Crawl Stone Soup version 0.30.0 (webtiles) character file.

Game seed: 4490039906425550543

2482 BraveNewWorl the Carver (level 9, -4/63 HPs)
             Began as a Human Fighter on Dec 20, 2023.
             Was a Priest of Hepliaklqana.
             Succumbed to an orc wizard's poison
             ... on level 7 of the Dungeon.
             The game lasted 00:27:54 (6198 turns).

BraveNewWorl the Carver (Human Fighter)             Turns: 6198, Time: 00:27:54

Health: -4/63      AC: 14    Str: 18    XL:     9   Next: 81%
Magic:  5/9        EV:  4    Int:  8    God:    Hepliaklqana [***...]
Gold:   332        SH:  9    Dex: 16    Spells: 8/8 levels left

rFire   . . .        a - +0 long sword
rCold   . . .        o - +0 kite shield
rNeg    . . .        h - +0 plate armour
rPois   .            (no helmet)
rElec   .            (no cloak)
rCorr   +            (no gloves)
SInv    .            b - +0 pair of boots
Will    .....        k - amulet of guardian spirit Stlth
                     g - ring of resist corrosion
HPRegen 0.30/turn    (no ring)
MPRegen 0.11/turn

%: guardian spirit
@: brilliant, lethally poisoned (-4 -> -29)
A: reduced essence
a: Renounce Religion, Recall Ancestor, Ancestor Identity, Transference


You were on level 7 of the Dungeon.
You worshipped Hepliaklqana.
Hepliaklqana was most pleased with you.
You visited 1 branch of the dungeon, and saw 7 of its levels.

You collected 332 gold pieces.

Inventory:

Hand Weapons
 a - a +0 long sword (weapon)
Armour
 b - a +0 pair of boots (worn)
 h - a +0 plate armour (worn)
 o - a +0 kite shield (worn)
Jewellery
 d - a ring of ice
 g - a ring of resist corrosion (left hand)
 k - an amulet of guardian spirit (around neck)
Scrolls
 c - 3 scrolls of fear {unknown}
 e - 7 scrolls of identify {unknown}
 j - 2 scrolls of amnesia {unknown}
 l - a scroll of poison {unknown}
 p - a scroll of enchant armour {unknown}
 q - 2 scrolls of teleportation {unknown}
 s - 2 scrolls of enchant weapon {unknown}
 u - a scroll of brand weapon {unknown}
 w - a scroll of fog {unknown}
 x - a scroll of silence {unknown}
 y - a scroll of vulnerability {unknown}
Potions
 f - 4 potions of brilliance
 i - a potion of berserk rage {unknown}
 m - a potion of flight {unknown}
 n - 3 potions of heal wounds {unknown}
 r - a potion of degeneration {unknown}
 t - 2 potions of curing {unknown}
 v - 2 potions of cancellation {unknown}


   Skills:
 + Level 6.9 Fighting
 * Level 9.1 Long Blades
 + Level 7.0 Armour
 - Level 3.0 Shields


You had 8 spell levels left.
You didn't know any spells.
Your spell library contained the following spells:

 Spells                   Type           Power      Damage    Failure   Level
 Magic Dart               Conj           0%         1d3       100%        1
 Blink                    Tloc           0%         N/A       100%        2
 Cigotuvi's Dreadful Rot  Necr/Pois/Air  0%         N/A       100%        2
 Lesser Beckoning         Tloc           0%         N/A       100%        2
 Momentum Strike          Conj/Tloc      0%         3d8       100%        2
 Poisonous Vapours        Pois/Air       0%         N/A       100%        2
 Searing Ray              Conj           0%         2d4       100%        2
 Sublimation of Blood     Necr           0%         N/A       100%        2
 Wereblood                Tmut           0%         N/A       100%        2
 Mephitic Cloud           Conj/Pois/Air  0%         N/A       100%        3
 Volatile Blastmotes      Fire/Tloc      0%         2d10      100%        3
 Dispel Undead            Necr           0%         3d6       100%        4
 Fulminant Prism          Conj/Hex       0%         3d5       100%        4
 Iskenderun's Mystic Bla  Conj/Tloc      0%         2d3       100%        4
 Freezing Cloud           Conj/Ice/Air   0%         6-21      100%        5
 Lee's Rapid Deconstruct  Erth           0%         3d4*      100%        5
 Death Channel            Necr           0%         N/A       100%        6
 Summon Hydra             Summ           0%         N/A       100%        7


Dungeon Overview and Level Annotations

Branches:
Dungeon (7/15)             Temple (0/1) D:7

Altars:
Elyvilon
Fedhas
Gozag
Hepliaklqana
Nemelex Xobeh
Okawaru
Qazlal
Ru
Sif Muna
Xom


Message History

You feel very sick. You block something's attack.
You miss something.
You feel very sick.
You hear some strange, mumbled words.
Something tries to affect you, but you resist.
You barely miss something.
You feel very sick. Something hits you but does no damage.
You hit something but do no damage.
You feel very sick.
Zarja gestures next to you while chanting.
Something hits you but does no damage.
You are more poisoned.
You closely miss something.
You feel very sick. Something hits you but does no damage.
You are lethally poisoned!
You miss something.
* * * LOW HITPOINT WARNING * * *
You feel very sick. Zarja casts a spell next to you.
Something hits you but does no damage.
You are more poisoned.
You barely miss something.
* * * LOW HITPOINT WARNING * * *
You feel extremely sick. Something completely misses you.
You barely miss something.
* * * LOW HITPOINT WARNING * * *
You feel very sick. Something hits you but does no damage.
You are more poisoned.
You hear some strange, mumbled words.
A magic dart appears from out of thin air!
The magic dart hits you.
* * * LOW HITPOINT WARNING * * *
It was a potion of brilliance.
You feel clever all of a sudden.
You die...

####.##.##.#
##### . #..#.##.#
..#######.#.##.#
..'.........##.#
.##....#......##
#....######..####
####(...........#
#.########...#
#.#..R@{)#...#
#.#.####.#...#
#....#.# #.#>#
####...# #.#.#
#.#.# #.#.# #.#.#
#.#.# #.#.# #.#
#.#.# #.#..


You could see the friendly Zarja the hexer.

Vanquished Creatures
  2 black bears
  An orc warrior (D:7)
  4 ogres
  A centaur (D:5)
  A bullfrog (D:7)
  3 scorpions
  A gnoll bouda (D:7)
  An orc priest (D:7)
  2 hounds
  2 iguanas
  A sleepcap (D:6)
  2 orc wizards
  4 gnolls (D:7)
  5 adders
  A shadow imp (D:5)
  2 ufetubi (D:5)
  A worm (D:2)
  3 dart slugs
  11 orcs
  6 ball pythons
  5 endoplasms
  3 giant cockroaches
  6 goblins
  8 hobgoblins
  4 jackals (D:1)
  8 kobolds
  2 quokkas
  5 bats (D:2)
  2 frilled lizards (D:3)
  6 rats
103 creatures vanquished.

Vanquished Creatures (collateral kills)
  A hornet (D:7)
  Duvessa (D:6)
  2 water moccasins
  A black bear (D:6)
  An ice beast (D:6)
  An orc warrior (D:7)
  A centaur (D:6)
  A kobold brigand (D:6)
  Dowan (D:6)
  A jelly (D:6)
  A hound (D:7)
  An orc priest (D:7)
  A sleepcap (D:5)
  An adder (D:4)
  A white imp (D:6)
  A worm (D:4)
  An orc (D:6)
  A goblin (D:4)
  A ball python (D:4)
  A kobold (D:4)
21 creatures vanquished.

Vanquished Creatures (others)
  An ancestor (D:5)
  A plant (D:6)
2 creatures vanquished.

Grand Total: 126 creatures vanquished

Notes
Turn   | Place    | Note
-------+----------+-------------------------------------------
     0 | D:1      | BraveNewWorl the Human Fighter began the quest for the Orb.
     0 | D:1      | Reached XP level 1. HP: 18/18 MP: 1/1
   303 | D:1      | Reached XP level 2. HP: 18/24 MP: 2/2
   891 | D:2      | Reached XP level 3. HP: 29/29 MP: 3/3
  1440 | D:2      | Identified the +6 dagger of Brawling {flame, rElec rCorr
                  | Dex-5}
  1451 | D:2      | Reached skill level 3 in Long Blades
  1652 | D:3      | Found a blossoming altar of Fedhas.
  1652 | D:3      | Found a hazy altar of Hepliaklqana.
  1653 | D:3      | Found an iron altar of Okawaru.
  1661 | D:3      | Became a worshipper of Hepliaklqana the Forgotten
  1759 | D:3      | Reached XP level 4. HP: 19/35 MP: 1/4
  2039 | D:3      | Reached XP level 5. HP: 37/37 MP: 5/5
  2369 | D:3      | Reached * piety under Hepliaklqana
  2540 | D:4      | Noticed an ogre
  2544 | D:4      | Killed an ogre
  2545 | D:4      | Reached skill level 4 in Long Blades
  2595 | D:4      | Reached XP level 6. HP: 43/43 MP: 6/6
  2684 | D:4      | Found a sacrificial altar of Ru.
  2789 | D:4      | Found an opulent altar of Gozag.
  3181 | D:5      | Entered Level 5 of the Dungeon
  3348 | D:5      | Noticed an ogre
  3355 | D:5      | Killed an ogre
  3356 | D:5      | Reached skill level 5 in Long Blades
  3356 | D:5      | Reached XP level 7. HP: 8/49 MP: 1/7
  3634 | D:5      | Found a white marble altar of Elyvilon.
  3648 | D:5      | Found a stormy altar of Qazlal.
  3841 | D:5      | Reached skill level 6 in Long Blades
  3841 | D:5      | Reached skill level 5 in Armour
  3847 | D:5      | Found a shimmering blue altar of Sif Muna.
  3867 | D:5      | Reached skill level 5 in Fighting
  3867 | D:5      | Reached XP level 8. HP: 53/55 MP: 8/8
  4254 | D:6      | Reached ** piety under Hepliaklqana
  4358 | D:6      | Noticed Duvessa
  4358 | D:6      | Noticed Dowan
  4386 | D:6      | Killed Duvessa
  4387 | D:6      | Reached skill level 7 in Long Blades
  4402 | D:6      | Killed Dowan
  4729 | D:6      | Remembered your ancestor Zarja as a hexer
  4786 | D:6      | Identified the +0 scale mail of True Grit {*Corrode rC-
                  | Dex+9 SInv}
  4823 | D:6      | Identified the +7 sling "Del Pyng" {freeze, rElec Will+
                  | Int+3 Stlth+}
  4878 | D:6      | Reached XP level 9. HP: 46/62 MP: 9/9
  5355 | D:6      | Reached *** piety under Hepliaklqana
  5360 | D:6      | Reached skill level 8 in Long Blades
  5848 | D:7      | Found a shimmering altar of Xom.
  5850 | D:7      | Found a shimmering altar of Xom.
  5856 | D:7      | Noticed a hornet
  5860 | D:7      | Killed a hornet
  5872 | D:7      | Found a shimmering altar of Xom.
  5876 | D:7      | Found a shimmering altar of Xom.
  5906 | D:7      | Reached skill level 9 in Long Blades
  5910 | D:7      | Found a shimmering altar of Xom.
  6068 | D:7      | Found a staircase to the Ecumenical Temple.
  6116 | D:7      | Found a sparkling altar of Nemelex Xobeh.
  6197 | D:7      | HP: 2/63 [something/magic dart (2)]
  6198 | D:7      | Succumbed to an orc wizard's poison

Illustrated notes

Levels and vault maps discovered:
D:1:      minmay_arrival_stair_chambers, layout_loops_ring, minivault_27
D:2:      layout_basic
D:3:      layout_basic, gammafunk_temple_overflow_claw
D:4:      layout_rooms, grunt_gozag_statues, nicolae_ru_the_path_less_chosen,
          grunt_ministairs_15
D:5:      layout_basic, grunt_qazlal_clouds,
          mainiacjoe_overflow_large_starburst, chequers_jeans,
          nicolae_underground_beach
D:6:      layout_layer_cave, chequers_big_river, minivault_10, uniq_duvessa
D:7:      layout_basic, xom_redecorated, nemelex_xobeh_ov_fountains_minmay,
          minmay_temple_entry_butterflies, nicolae_shop_i_like_small_books_too

Skill      XL: |  1  2  3  4  5  6  7  8  9 |
---------------+----------------------------+-----
Long Blades    | 3 4 5 6 7 9 |  9.1
Armour         | 4 5 6 7 |  7.0
Fighting       | 4 5 6 |  6.9
Shields        | |  3.0

Action                     |  1- 3 |  4- 6 |  7- 9 || total
---------------------------+-------+-------+-------++-------
  Melee: Long sword        |   116 |   124 |   201 ||   441
 Invoke: Recall Ancestor   |       |       |     3 ||     3
         Ancestor Identity |       |       |     2 ||     2
         Ancestor Life: He |       |       |     1 ||     1
    Use: Potion            |       |     1 |     1 ||     2
   Stab: Distracted        |       |       |     1 ||     1
         Confused          |       |       |     5 ||     5
 Armour: Plate armour      |   127 |    90 |   140 ||   357
         Scale mail        |     1 |       |       ||     1
  Dodge: Dodged            |    36 |    16 |    43 ||    95
  Block: Buckler           |    31 |    15 |       ||    46
         Kite shield       |       |    28 |    92 ||   120
